 Dungeon Crawl Stone Soup version 0.28-a0-984-g3775c662fe (webtiles) character file.

Game seed: 12965246815120379093

839 snetch the Chopper (level 7, 0/91 HPs)
             Began as a Minotaur Berserker on Dec 3, 2021.
             Was an Elder of Trog.
             Succumbed to a scorpion's poison
             ... on level 6 of the Dungeon.
             The game lasted 00:14:02 (4877 turns).

snetch the Chopper (Minotaur Berserker)             Turns: 4877, Time: 00:14:02

Health: 0/91       AC:  7    Str: 23    XL:     7   Next: 67%
Magic:  6/6        EV: 11    Int:  4    God:    Trog [****..]
Gold:   214        SH:  3    Dex: 10    Spells: 6/6 levels left

rFire   . . .      SeeInvis .   a - +0 hand axe
rCold   . . .      Faith    .   E - +0 buckler
rNeg    . . .      Spirit   .   i - +0 ring mail
rPois   .          Reflect  .   (helmet restricted)
rElec   .          Harm     .   f - scarf {+Inv}
rCorr   .          Rampage  .   x - +0 pair of gloves
Will    ++...                   (no boots)
Stlth   ..........              (no amulet)
HPRegen 1.25/turn               (no ring)
MPRegen 0.10/turn               (no ring)

@: berserking, lethally poisoned (0 -> -17), strong-willed, regenerating, very
quick
A: horns 2, retaliatory headbutt
a: Renounce Religion, Evoke Invisibility, Berserk, Trog's Hand, Brothers in Arms


You were on level 6 of the Dungeon.
You worshipped Trog.
Trog was greatly pleased with you.
You visited 1 branch of the dungeon, and saw 6 of its levels.
You also visited: Ossuary.

You collected 214 gold pieces.

Inventory:

Hand Weapons
 a - a +0 hand axe (weapon)
 z - a +0 flail
 A - a +1 falchion of holy wrath
 B - a +1 vampiric whip
Missiles
 b - 81 stones
 c - 37 poisoned darts (quivered)
 o - 41 sling bullets
 q - 7 bolts
 y - 10 arrows
Armour
 f - a scarf of invisibility (worn)
 i - a +0 ring mail (worn)
 x - a +0 pair of gloves (worn)
 E - a +0 buckler (worn)
Wands
 C - a wand of iceblast (9)
Scrolls
 h - 2 scrolls of fog {unknown}
 k - a scroll of brand weapon {unknown}
 m - a scroll of immolation {unknown}
 r - 2 scrolls of teleportation {unknown}
 s - 7 scrolls of identify {unknown}
 t - a scroll of blinking {unknown}
 w - a scroll of enchant weapon {unknown}
Potions
 d - a potion of lignification {unknown}
 e - a potion of haste {unknown}
 g - 4 potions of curing {unknown}
 j - 3 potions of attraction {unknown}
 l - a potion of mutation {unknown}
 n - 3 potions of ambrosia {unknown}
 p - 3 potions of flight {unknown}
 u - 2 potions of brilliance {unknown}
 v - a potion of berserk rage {unknown}
 D - a potion of degeneration {unknown}


   Skills:
 + Level 5.5 Fighting
 + Level 6.5 Axes
 + Level 4.3 Throwing
 + Level 4.8 Armour
 + Level 3.4 Dodging
 + Level 0.5 Stealth


You had 6 spell levels left.
You didn't know any spells.
Your spell library contained the following spells:

 Spells                   Type           Power      Damage    Failure   Level
 Ensorcelled Hibernation  Hex/Ice        0%         N/A       91%         2
 Tukima's Dance           Hex            0%         N/A       99%         3
 Passage of Golubria      Tloc           0%         N/A       100%        4
 Yara's Violent Unravell  Hex/Tmut       0%         3d3       100%        5


Dungeon Overview and Level Annotations

Branches:
Dungeon (6/15)            Ossuary (visited)
 Temple: D:4-7

Altars:
Ashenzari
Makhleb
Sif Muna
Vehumet
Wu Jian

Shops:
D:1 :


Innate Abilities, Weirdness & Mutations

You have a pair of horns on your head.
You reflexively headbutt those who attack you in melee.


Message History

You hit the scorpion but do no damage. You closely miss the orc.
The scorpion stings you.
You are poisoned.
The scorpion poisons you! The orc hits you with a +0 flail.
* * * LOW HITPOINT WARNING * * *
Your skin crawls.
You feel strong-willed.
You feel very sick. The scorpion stings you.
* * * LOW HITPOINT WARNING * * *
You are more poisoned.
The scorpion poisons you! The orc closely misses you. The scorpion stings you.
* * * LOW HITPOINT WARNING * * *
A red film seems to cover your vision as you go berserk!
You feel yourself moving faster!
You feel mighty!
You feel very sick. The orc closely misses you. The scorpion stings you.
* * * LOW HITPOINT WARNING * * *
You are more poisoned.
The scorpion poisons you!
You slash the scorpion! You headbutt the scorpion.
The scorpion is severely wounded.
You closely miss the orc.
* * * LOW HITPOINT WARNING * * *
You feel very sick. The orc hits you but does no damage.
The scorpion closely misses you.
You hit the scorpion.
The scorpion is severely wounded.
You slash the orc!
You kill the orc!
Trog accepts your kill.
* * * LOW HITPOINT WARNING * * *
You feel very sick. The scorpion stings you.
* * * LOW HITPOINT WARNING * * *
You are more poisoned.
The scorpion poisons you!
You barely miss the scorpion. Your headbutt misses the scorpion.
The scorpion is severely wounded.
You die...

.......##.##
.<..⌠......####.#
.......####.....#
####..####.# #..# #.##.#.#
#..# ####.#.#.## #..#
..........# #..#
####...#..####.)###.# #
#...#.......s@...# #
#.###.#.####..##### ##.#
##...# #..#### ...# #.#.#
#.....# ##.# ##.^.# #.###.#
# #.###.##.###..##.#
####...###...##.##.#
.....#..#..#..#.##.#
##..###...###...##.########


You could see a scorpion.

Vanquished Creatures
  An ogre (D:4)
  A bullfrog (D:6)
  A scorpion (D:4)
  A wyvern zombie (D:6)
  2 bullfrog zombies (D:6)
  A centaur zombie (D:6)
  A hound (D:4)
  A gnoll shaman (D:4)
  A bullfrog skeleton (D:6)
  An orc priest (D:3)
  Jessica (D:2)
  2 iguanas (D:4)
  2 orc wizards (D:3)
  2 mummies
  7 gnolls
  3 adders
  An adder skeleton (D:4)
  2 worms (D:2)
  2 dart slugs
  5 orcs
  3 bats (D:1)
  5 endoplasms
  3 giant cockroaches
  5 goblins
  3 hobgoblins
  6 jackals (D:3)
  9 kobolds
  2 quokkas
  4 ball pythons
  3 bat simulacra (Ossuary)
  A frilled lizard (D:1)
  12 gnoll zombies (Ossuary)
  7 goblin simulacra (Ossuary)
  6 goblin zombies
  4 hobgoblin zombies
  6 kobold simulacra (Ossuary)
  7 kobold zombies (Ossuary)
  3 orc zombies (Ossuary)
  6 rats
  5 rat simulacra (Ossuary)
  2 spectral goblins (Ossuary)
  2 spectral kobolds (Ossuary)
  6 spectral rats (Ossuary)
148 creatures vanquished.

Notes
Turn   | Place    | Note
-------+----------+-------------------------------------------
     0 | D:1      | snetch the Minotaur Berserker began the quest for the Orb.
     0 | D:1      | Reached XP level 1. HP: 19/19 MP: 0/0
   173 | D:1      | Found a faded altar of an unknown god.
   188 | D:1      | Reached skill level 4 in Axes
   188 | D:1      | Reached XP level 2. HP: 27/27 MP: 1/1
   768 | D:1      | Found Koemp's Book Shoppe.
   783 | D:2      | Reached ** piety under Trog
   959 | D:2      | Reached XP level 3. HP: 34/34 MP: 2/2
  1195 | D:2      | Found a radiant altar of Vehumet.
  1320 | D:3      | Found a shimmering blue altar of Sif Muna.
  1617 | D:2      | Noticed Jessica
  1620 | D:2      | Killed Jessica
  1621 | D:2      | Reached XP level 4. HP: 40/41 MP: 3/3
  1799 | D:4      | Reached skill level 1 in Throwing
  1840 | D:4      | Found a sand-covered staircase.
  1846 | D:4      | Reached XP level 5. HP: 10/47 MP: 4/4
  1849 | Ossuary  | Entered an ossuary
  2147 | Ossuary  | Reached *** piety under Trog
  2484 | Ossuary  | Reached skill level 5 in Axes
  2961 | D:3      | Reached **** piety under Trog
  3266 | D:3      | Reached skill level 5 in Fighting
  3266 | D:3      | Reached XP level 6. HP: 53/56 MP: 5/5
  3553 | D:3      | Reached skill level 6 in Axes
  4060 | D:5      | Entered Level 5 of the Dungeon
  4075 | D:4      | Found a burning altar of Makhleb.
  4297 | D:4      | Reached XP level 7. HP: 54/61 MP: 6/6
  4688 | D:5      | Found an ornate altar of the Wu Jian Council.
  4693 | D:5      | Found a broken altar of Ashenzari.
  4876 | D:6      | HP: 4/91 [scorpion (4)]
  4877 | D:6      | Succumbed to a scorpion's poison

Illustrated notes

Levels and vault maps discovered:
D:1:      nzn_arrival_crosshair, layout_basic, serial_shops, shop,
          shapermc_ecumenical_altar_starsandcircs
D:2:      layout_loops_ring, basic_altar, uniq_jessica
D:3:      layout_basic, mainiacjoe_overflow_brackets
D:4:      layout_loops_ring, mainiacjoe_overflow_six_doors_small,
          nicolae_ossuary_entry_giza
D:5:      kennysheep_big_flooded_room, layout_basic,
          mainiacjoe_overflow_large_starburst, hangedman_decor_slide_cut,
          minmay_shop_damaged
D:6:      layout_loops_ring, portal_sewer_entry_f, grunt_ministairs_15,
          minmay_strange_pillars, uniq_eustachio, uniq_sigmund

Skill      XL: |  1  2  3  4  5  6  7 |
---------------+----------------------+-----
Axes           | 4 5 6 |  6.5
Fighting       | 4 5 |  5.5
Throwing       | 2 3 4 |  4.3
Armour         | 3 4 |  4.8
Dodging        | 3 |  3.4
Stealth        | |  0.5

Action                   |  1- 3 |  4- 6 |  7- 9 || total
-------------------------+-------+-------+-------++-------
Melee: Hand axe          |    63 |   202 |    41 ||   306
       Headbutt          |    11 |    41 |    10 ||    62
Throw: Dart              |    29 |    72 |       ||   101
       Stone             |       |     9 |       ||     9
Invok: Berserk           |       |     2 |     1 ||     3
       Trog's Hand       |       |       |     2 ||     2
Armor: Animal skin       |     1 |       |       ||     1
       Ring mail         |    13 |    53 |    27 ||    93
       Leather armour    |     2 |       |       ||     2
Dodge: Dodged            |    35 |   101 |    31 ||   167
Block: Buckler           |       |       |     3 ||     3

Table legend: (Time is in decaauts)
 A = Elapsed time spent in this place.
 B = Non-inter-level travel time spent in this place.
 C = Inter-level travel time spent in this place.
 D = Time resting spent in this place.
 E = Time spent auto-exploring this place.
 F = Levels seen in this place.
 G = Mean time per level.
                   A        B        C        D        E       F      G
               +--------+--------+--------+--------+--------+-----+--------+
         Total |   4917 |   4705 |    212 |      0 |   3311 |   7 |  702.4 |
       Dungeon |   4153 |   3941 |    212 |      0 |   2732 |   6 |  692.2 |
       Ossuary |    763 |    763 |      0 |      0 |    579 |   1 |  763.0 |
               +--------+--------+--------+--------+--------+-----+--------+

Top non-repeatable levels by time:
     D:3: 1270 daAuts
     D:4: 1029 daAuts
     D:1: 834 daAuts
     D:2: 823 daAuts
 Ossuary: 763 daAuts
     D:6: 142 daAuts
     D:5: 53 daAuts
